 Dungeon Crawl Stone Soup version 0.29.1-12-g30fa7ad0bf (webtiles) character file.

Game seed: 5999258289305714889

2 112233 the Vexing (level 1, 0/7 HPs)
             Began as a Felid Enchanter on Dec 22, 2022.
             Hit by a silver boomerang thrown by an orc (2 damage)
             ... on level 4 of the Dungeon.
             The game lasted 00:00:27 (240 turns).

112233 the Vexing (Felid Enchanter)                  Turns: 240, Time: 00:00:28

Health: 0/7        AC:  1    Str:  4    XL:     1   Next: 33%
Magic:  4/4        EV: 17    Int: 16    God:
Gold:   29         SH:  0    Dex: 16    Spells: 4/4 levels left
                                        Lives:  0   Deaths: 0

rFire   . . .      SeeInvis +     - Unarmed
rCold   . . .      Faith    .   (shield unavailable)
rNeg    . . .      Spirit   .   (body armour unavailable)
rPois   .          Reflect  .   (helmet unavailable)
rElec   .          Harm     .   (cloak unavailable)
rCorr   .          Rampage  .   (gloves unavailable)
Will    .....                   (boots unavailable)
Stlth   +++.......              (no amulet)
HPRegen 0.02/turn               (no ring)
MPRegen 0.09/turn               (no ring)

@: quick
A: very small, claws 1, fangs 3, see invisible, speed 1, shaggy fur 1, stealthy
paws, no weapons or thrown items, no armour, multi-lived
a: no special abilities


You were on level 4 of the Dungeon.
You visited 1 branch of the dungeon, and saw 4 of its levels.

You collected 29 gold pieces.

Inventory:

Potions
 a - 2 potions of invisibility
 b - a potion of flight {unknown}


   Skills:
 - Level 2.6 Dodging
 + Level 4.3 Stealth
 - Level 1.0 Unarmed Combat
 - Level 2.0 Spellcasting
 - Level 4.4 Hexes


You had 4 spell levels left.
You didn't know any spells.
Your spell library contained the following spells:

 Spells                   Type           Power      Damage    Failure   Level
 Confusing Touch          Hex            15%        N/A       11%         3
 Tukima's Dance           Hex            15%        N/A       11%         3
 Ensorcelled Hibernation  Hex/Ice        16%        N/A       13%         2
 Dazzling Flash           Conj/Hex       16%        N/A       26%         3


Dungeon Overview and Level Annotations

Branches:
Dungeon (4/15)
 Temple: D:4-7

Altars:

Shops:
D:2 =

Annotations:
D:2 Terence


Innate Abilities, Weirdness & Mutations

You have sharp claws.
You have razor-sharp teeth.
You have supernaturally acute eyesight. (SInv)
You cover ground quickly. (Speed+)
You are covered in fur. (AC +1)
Your paws help you pounce on unaware monsters.
You are incapable of wielding weapons or throwing items.
You cannot wear armour.
You gain extra lives every three experience levels.


Message History

You now have 29 gold pieces (gained 8).
(D) Dungeon
Where to? (Enter - D:2 @ (x,y), ? - help) Sorry, I don't know how to get there.
Unknown command.
There is an escape hatch in the floor here.
You slide downwards.
The hatch slams shut behind you.
Unknown command.
A goblin comes into view. It is wielding a +0 club.
Found 12 gold pieces.
You pounce on the unaware helpless goblin!
You claw the goblin!
You kill the goblin!
No target in view!
Things that are here:
a +0 club; a goblin corpse An orc comes into view.
It is wielding a +0 hand axe and quivering silver boomerangs.
The orc shouts!
Unknown command.
An endoplasm comes into view.
Things that are here:
a +0 club; a goblin corpse The orc throws a silver boomerang.
The silver boomerang completely misses you.
A goblin comes into view. It is wielding a +0 club.
The goblin shouts!
You hear an angry hiss.
You hear a shout!
A hobgoblin comes into view.
Found 5 gold pieces.
The endoplasm quivers.
You scratch the endoplasm.
The endoplasm is severely wounded.
The endoplasm completely misses you.
The orc throws a silver boomerang.
The silver boomerang closely misses you.
The endoplasm closely misses you.
You scratch the endoplasm.
You kill the endoplasm!
The orc throws a silver boomerang.
The silver boomerang hits you.
Ouch! That really hurt!
* * * LOW HITPOINT WARNING * * *
You die...

############
...........#
..........g##
#.####g###.####.# .
#.# #......#
....####g###.######
.......@..o.##
....#####.#.########
. #.#........##
.#######...####
$##............
.##.####...#### .#
##.## # # #.# #
#.#####o# #


You could see an orc, a hobgoblin and a goblin.

Vanquished Creatures
  A ball python (D:1)
  An endoplasm (D:4)
  A goblin (D:4)
3 creatures vanquished.

Notes
Turn   | Place    | Note
-------+----------+-------------------------------------------
     0 | D:1      | 112233 the Felid Enchanter began the quest for the Orb.
     0 | D:1      | Reached XP level 1. HP: 7/7 MP: 4/4
   158 | D:2      | Noticed Terence
   159 | D:2      | Found Iduo's Jewellery Boutique.
   240 | D:4      | Hit by a silver boomerang thrown by an orc

Illustrated notes

Levels and vault maps discovered:
D:1:      minmay_arrival_pointy, layout_loops_ring,
          hellmonk_ecumenical_altar_run_dry, corexii_hall_statues_s,
          minmay_misc_feat_alley, minmay_misc_feat_plants, minmay_statues_item,
          grunt_decor_clamped, kennysheep_pointless_box,
          hangedman_abyss_or_decor_stabs
D:2:      layout_basic, serial_shops, shop, basic_altar, minmay_misc_feat_roman,
          chequers_decorated_corner, minmay_misc_feat_cross, uniq_natasha,
          uniq_terence
D:3:      minmay_chambers_of_threes, layout_basic, uniq_grinder,
          uniq_crazy_yiuf_cottage
D:4:      layout_loops_ring, serial_glass, glass_columns_c, glass_columns_a

Action                   || total
-------------------------++-------
Melee: Unarmed           ||     4
       Punch             ||     1
 Stab: Sleeping          ||     1
Dodge: Dodged            ||     6
